AAA
LAS VEGAS 51S @ EL PASO CHIHUAHUAS
04/29/2018
 
TOP OF THE 1ST
Las Vegas 51s batting - Pitching for El Paso Chihuahuas : RHP Jesus Tinoco
Pitching: RHP Jesus Tinoco
Batting: RHB Ramon Laureano 0-0: Ball
1-0: Ball
2-0: Called Strike
2-1: Ball
3-1: Foul Ball, location: 2F
3-2: Fly out, F7 (Flyball, 7LSF)
Batting: RHB JaCoby Jones 0-0: Ball
1-0: Foul Ball, location: 2F
1-1: Foul Ball, location: 2F
1-2: Strikes out looking
Batting: RHB Frank Schwindel 0-0: Called Strike
0-1: Ball
1-1: Ball
2-1: Swinging Strike
2-2: Ball
3-2: Base on Balls
Batting: SHB Andrew Knapp 0-0: Called Strike
0-1: Ball
1-1: Fly out, F5 (Popup, 56S)
Top of the 1st over - 0 runs, 0 hits, 0 errors, 1 left on base; Las Vegas 0 - El Paso 0
BOTTOM OF THE 1ST
El Paso Chihuahuas batting - Pitching for Las Vegas 51s : RHP Dakota Hudson
Pitching: RHP Dakota Hudson
Batting: LHB Reymond Fuentes 0-0: Ball
1-0: Ball
2-0: Called Strike
2-1: Called Strike
2-2: Foul Ball, location: 2F
2-2: Foul Ball, location: 2F
2-2: Reached on error, E6 (Groundball, 6)
Batting: RHB Christian Arroyo 0-0: Ball
1-0: Foul Ball, location: 2F
1-1: Ball
2-1: 2-RUN HOME RUN (Flyball, 89XD), Distance : 426 ft
Batting: LHB Ronald Guzman 0-0: Ball
1-0: SINGLE (Groundball, 6MD)
Batting: LHB Dwight Smith Jr. 0-0: Ball
Wild Pitch!
Ronald Guzman to second
1-0: DOUBLE (Flyball, 8RXD)
Ronald Guzman scores
Batting: RHB Noel Cuevas 0-0: Fly out, F7 (Line Drive, 7D)
Runner from 2nd tags up, SAFE at 3rd, no throw
Batting: RHB Kyle Higashioka 0-0: Ball
1-0: Fly out, F6 (Popup, 6D)
Batting: LHB Javier Guerra 0-0: Ball
1-0: Fly out, F8 (Flyball, 8RS)
Bottom of the 1st over - 3 runs, 3 hits, 1 error, 1 left on base; Las Vegas 0 - El Paso 3
TOP OF THE 2ND
Las Vegas 51s batting - Pitching for El Paso Chihuahuas : RHP Jesus Tinoco
Batting: RHB T.J. Rivera 0-0: Ball
1-0: Ball
2-0: Called Strike
2-1: Ball
3-1: Called Strike
3-2: Reached on error, E6 (Groundball, 6S)
Batting: RHB Taylor Davis 0-0: Fly out, F8 (Flyball, 8RS)
Batting: RHB Phillip Evans 0-0: Foul Ball, location: 2F
0-1: Ball
1-1: SINGLE (Line Drive, 7S)
T.J. Rivera to second
Batting: LHB JT Riddle 0-0: Grounds into double play, 6-4-3 (Groundball, 6)
Top of the 2nd over - 0 runs, 1 hit, 1 error, 1 left on base; Las Vegas 0 - El Paso 3
BOTTOM OF THE 2ND
El Paso Chihuahuas batting - Pitching for Las Vegas 51s : RHP Dakota Hudson
Batting: RHB Mauricio Dubon 0-0: DOUBLE (Line Drive, 5D)
Batting: RHB Austin Wynns 0-0: Ball
1-0: Called Strike
1-1: Ball
2-1: Ball
3-1: Base on Balls
Batting: LHB Reymond Fuentes 0-0: Ball
1-0: Ball
2-0: Foul Ball, location: 2F
2-1: Ground out 4-3 (Groundball, 4S)
Mauricio Dubon to third
Austin Wynns to second
Batting: RHB Christian Arroyo 0-0: Called Strike
0-1: Ball
1-1: DOUBLE (Line Drive, 3D)
Mauricio Dubon scores
Austin Wynns scores
Batting: LHB Ronald Guzman 0-0: Ball
1-0: Called Strike
1-1: Ball
2-1: Fly out, F7 (Flyball, 78S)
Batting: LHB Dwight Smith Jr. 0-0: Ball
1-0: Called Strike
1-1: Swinging Strike
1-2: Ball
2-2: Ball
3-2: Base on Balls
Batting: RHB Noel Cuevas 0-0: Ground out 4-3 (Groundball, 4)
Bottom of the 2nd over - 2 runs, 2 hits, 0 errors, 2 left on base; Las Vegas 0 - El Paso 5
TOP OF THE 3RD
Las Vegas 51s batting - Pitching for El Paso Chihuahuas : RHP Jesus Tinoco
Batting: RHB Drew Ferguson 0-0: Called Strike
0-1: Ground out 4-3 (Groundball, 4)
Batting: RHB Ramon Laureano 0-0: Called Strike
0-1: Ball
1-1: Ball
2-1: SINGLE (Line Drive, 6D)
Batting: RHB JaCoby Jones 0-0: Ball
1-0: Foul Ball, location: 2F
1-1: Ball
2-1: Foul Ball, location: 2F
2-2: Foul Ball, location: 2F
2-2: Strikes out looking
Batting: RHB Frank Schwindel 0-0: Called Strike
0-1: SINGLE (Groundball, 6D)
Ramon Laureano to second
Runner from 2nd tries for 3rd, SAFE, throw made to third
Batting: SHB Andrew Knapp 0-0: Ball
1-0: Called Strike
1-1: Ball
2-1: Called Strike
2-2: Strikes out swinging
Top of the 3rd over - 0 runs, 2 hits, 0 errors, 2 left on base; Las Vegas 0 - El Paso 5
BOTTOM OF THE 3RD
El Paso Chihuahuas batting - Pitching for Las Vegas 51s : RHP Dakota Hudson
Batting: RHB Kyle Higashioka 0-0: Ball
1-0: Foul Ball, location: 2F
1-1: SINGLE (Line Drive, 78S)
Batting: LHB Javier Guerra 0-0: Ball
1-0: Ball
2-0: Called Strike
2-1: Ball
3-1: Foul Ball, location: 2F
3-2: Strikes out swinging
Batting: RHB Mauricio Dubon 0-0: Called Strike
0-1: Foul Ball, location: 2F
0-2: Ball
1-2: Ball
2-2: Foul Ball, location: 2F
2-2: Fielders Choice at 2nd, 1-6 (Groundball, 13S)
Batting: RHB Austin Wynns 0-0: Ball
1-0: Ball
2-0: Ground out 1-3 (Groundball, 13S)
Bottom of the 3rd over - 0 runs, 1 hit, 0 errors, 1 left on base; Las Vegas 0 - El Paso 5
TOP OF THE 4TH
Las Vegas 51s batting - Pitching for El Paso Chihuahuas : RHP Jesus Tinoco
Batting: RHB T.J. Rivera 0-0: Ball
1-0: Ball
2-0: Foul Ball, location: 2F
2-1: Fly out, F7 (Flyball, 7S)
Batting: RHB Taylor Davis 0-0: Ball
1-0: Called Strike
1-1: Fly out, F8 (Flyball, 8LS)
Batting: RHB Phillip Evans 0-0: Called Strike
0-1: Fly out, F4 (Popup, 4S)
Top of the 4th over - 0 runs, 0 hits, 0 errors, 0 left on base; Las Vegas 0 - El Paso 5
BOTTOM OF THE 4TH
El Paso Chihuahuas batting - Pitching for Las Vegas 51s : RHP Dakota Hudson
Batting: LHB Reymond Fuentes 0-0: Foul Ball, location: 2F
0-1: Ball
1-1: Ball
2-1: Foul Ball, location: 2F
2-2: Foul Ball, location: 2F
2-2: Ground out 4-3 (Groundball, 4)
Batting: RHB Christian Arroyo 0-0: Fly out, F8 (Flyball, 89D)
Batting: LHB Ronald Guzman 0-0: Called Strike
0-1: Reached on error, E3 (Groundball, 34)
Batting: LHB Dwight Smith Jr. 0-0: Swinging Strike
0-1: Fly out, F5 (Popup, 56)
Bottom of the 4th over - 0 runs, 0 hits, 1 error, 1 left on base; Las Vegas 0 - El Paso 5
TOP OF THE 5TH
Las Vegas 51s batting - Pitching for El Paso Chihuahuas : RHP Jesus Tinoco
Batting: LHB JT Riddle 0-0: Called Strike
0-1: Ball
1-1: Ground out 6-3 (Groundball, 6)
Batting: RHB Drew Ferguson 0-0: Foul Ball, location: 2F
0-1: Ball
1-1: Ball
2-1: Foul Ball, location: 2F
2-2: Foul Ball, location: 2F
2-2: SINGLE (Flyball, 8LS)
Batting: RHB Ramon Laureano 0-0: Ball
1-0: Swinging Strike
1-1: Ball
2-1: Called Strike
2-2: 2-RUN HOME RUN (Flyball, 8LXD), Distance : 435 ft
Batting: RHB JaCoby Jones 0-0: Called Strike
0-1: Fly out, F9 (Flyball, 9D)
Batting: RHB Frank Schwindel 0-0: Ball
1-0: Swinging Strike
1-1: Ball
2-1: Fly out, F6 (Popup, 6MD)
Top of the 5th over - 2 runs, 2 hits, 0 errors, 0 left on base; Las Vegas 2 - El Paso 5
BOTTOM OF THE 5TH
El Paso Chihuahuas batting - Pitching for Las Vegas 51s : RHP Dakota Hudson
Batting: RHB Noel Cuevas 0-0: Swinging Strike
0-1: Ball
1-1: Called Strike
1-2: Ground out U3 (Groundball, 34S)
Pitching: RHP Mike Mayers
Batting: RHB Kyle Higashioka 0-0: Called Strike
0-1: Ball
1-1: Foul Ball, location: 2F
1-2: Foul Ball, location: 2F
1-2: Strikes out swinging
Batting: LHB Javier Guerra 0-0: Called Strike
0-1: Foul Ball, location: 2F
0-2: Ball
1-2: Ball
2-2: Foul Ball, location: 2F
2-2: Ball
3-2: SINGLE (Groundball, 4D)
Batting: RHB Mauricio Dubon 0-0: Called Strike
0-1: Fly out, F3 (Line Drive, 3)
Bottom of the 5th over - 0 runs, 1 hit, 0 errors, 1 left on base; Las Vegas 2 - El Paso 5
TOP OF THE 6TH
Las Vegas 51s batting - Pitching for El Paso Chihuahuas : RHP Jesus Tinoco
Batting: SHB Andrew Knapp 0-0: Ball
1-0: Ball
2-0: Ball
3-0: Called Strike
3-1: Base on Balls
Batting: RHB T.J. Rivera 0-0: Swinging Strike
0-1: Called Strike
0-2: Ball
1-2: Ball
2-2: Foul Ball, location: 2F
2-2: Fielders Choice at 2nd, 1-6 (Groundball, 13S)
Batting: RHB Taylor Davis 0-0: Ball
1-0: Ball
2-0: Ball
3-0: Foul Ball, location: 2F
3-1: Fly out, F7 (Flyball, 7S)
Batting: RHB Phillip Evans 0-0: Ball
1-0: DOUBLE (Flyball, 8RXD)
T.J. Rivera to third
Runner from 3rd tries for Home, SAFE, no throw
Batting: LHB JT Riddle 0-0: Called Strike
0-1: Ball
1-1: Foul Ball, location: 2F
1-2: Ball
2-2: Ground out 4-3 (Groundball, 4D)
Top of the 6th over - 1 run, 1 hit, 0 errors, 1 left on base; Las Vegas 3 - El Paso 5
BOTTOM OF THE 6TH
El Paso Chihuahuas batting - Pitching for Las Vegas 51s : RHP Mike Mayers
Batting: RHB Austin Wynns 0-0: Called Strike
0-1: Foul Ball, location: 2F
0-2: Strikes out looking
Batting: LHB Reymond Fuentes 0-0: Fly out, F6 (Line Drive, 6)
Batting: RHB Christian Arroyo 0-0: SINGLE (Line Drive, 8RS)
Batting: LHB Ronald Guzman 0-0: Called Strike
0-1: Called Strike
0-2: Ball
1-2: SINGLE (Groundball, 6D)
Christian Arroyo to second
Batting: LHB Dwight Smith Jr. 0-0: Ball
1-0: Swinging Strike
1-1: Called Strike
1-2: Ball
2-2: Ball
3-2: Strikes out swinging
Bottom of the 6th over - 0 runs, 2 hits, 0 errors, 2 left on base; Las Vegas 3 - El Paso 5
TOP OF THE 7TH
Las Vegas 51s batting - Pitching for El Paso Chihuahuas : RHP Jesus Tinoco
Pitching: RHP Luke Bard
Batting: RHB Drew Ferguson 0-0: Ball
1-0: Called Strike
1-1: Fly out, F8 (Flyball, 8RXD)
Batting: RHB Ramon Laureano 0-0: Ball
1-0: Ball
2-0: Foul Ball, location: 2F
2-1: Swinging Strike
2-2: Foul Ball, location: 2F
2-2: Ball
3-2: Base on Balls
Batting: RHB JaCoby Jones 0-0: Ball
1-0: Ball
2-0: Called Strike
2-1: Fly out, F8 (Flyball, 8RM)
Batting: RHB Frank Schwindel 0-0: Fielders Choice at 2nd, 6-4 (Groundball, 6)
Top of the 7th over - 0 runs, 0 hits, 0 errors, 1 left on base; Las Vegas 3 - El Paso 5
BOTTOM OF THE 7TH
El Paso Chihuahuas batting - Pitching for Las Vegas 51s : RHP Mike Mayers
Batting: RHB Noel Cuevas 0-0: Ball
1-0: TRIPLE (Flyball, 78XD)
Pitching: RHP Nick Wittgren
Batting: RHB Kyle Higashioka 0-0: Called Strike
0-1: Foul Ball, location: 2F
0-2: Ball
Passed Ball!
Noel Cuevas scores
1-2: Ball
2-2: SINGLE (Line Drive, 8LS)
Batting: LHB Javier Guerra 0-0: Fly out, F8 (Line Drive, 8LD)
Batting: RHB Mauricio Dubon 0-0: SINGLE (Flyball, 9LM)
Kyle Higashioka to second
Batting: RHB Austin Wynns 0-0: Ball
1-0: Ball
2-0: Ball
3-0: Called Strike
3-1: Called Strike
3-2: Foul Ball, location: 2F
3-2: Foul Ball, location: 2F
3-2: Base on Balls
Kyle Higashioka to third
Mauricio Dubon to second
Batting: LHB Reymond Fuentes 0-0: Ball
1-0: Grounds into fielders choice 3-2 (Groundball, 34S)
Mauricio Dubon to third
Austin Wynns to second
Batting: RHB Christian Arroyo 0-0: Called Strike
0-1: Ball
1-1: Fly out, F7 (Flyball, 7S)
Bottom of the 7th over - 1 run, 3 hits, 0 errors, 3 left on base; Las Vegas 3 - El Paso 6
TOP OF THE 8TH
Las Vegas 51s batting - Pitching for El Paso Chihuahuas : RHP Luke Bard
Pitching: RHP Jake Barrett
Batting: SHB Andrew Knapp 0-0: Ball
1-0: Called Strike
1-1: Ball
2-1: Called Strike
2-2: Strikes out swinging
Batting: RHB T.J. Rivera 0-0: Called Strike
0-1: Swinging Strike
0-2: Foul Ball, location: 2F
0-2: Strikes out swinging
Batting: RHB Taylor Davis 0-0: Ball
1-0: Ball
2-0: DOUBLE (Line Drive, 7LD)
Batting: RHB Phillip Evans 0-0: Called Strike
0-1: Foul Ball, location: 2F
0-2: Ball
1-2: Strikes out swinging
Top of the 8th over - 0 runs, 1 hit, 0 errors, 1 left on base; Las Vegas 3 - El Paso 6
BOTTOM OF THE 8TH
El Paso Chihuahuas batting - Pitching for Las Vegas 51s : RHP Nick Wittgren
Batting: LHB Ronald Guzman 0-0: Called Strike
0-1: Ground out 4-3 (Groundball, 4M)
Batting: LHB Dwight Smith Jr. 0-0: Foul Ball, location: 2F
0-1: Called Strike
0-2: Fly out, F9 (Flyball, 9D)
Batting: RHB Noel Cuevas 0-0: Ground out 2-3 (Groundball, 13S)
Bottom of the 8th over - 0 runs, 0 hits, 0 errors, 0 left on base; Las Vegas 3 - El Paso 6
TOP OF THE 9TH
Las Vegas 51s batting - Pitching for El Paso Chihuahuas : RHP Jake Barrett
Batting: LHB JT Riddle 0-0: Called Strike
0-1: Ball
1-1: Foul Ball, location: 2F
1-2: Foul Ball, location: 2F
1-2: Ball
2-2: Ball
3-2: Foul Ball, location: 2F
3-2: SINGLE (Groundball, 34D)
Pitching: RHP Wander Suero
Batting: RHB Drew Ferguson 0-0: Fly out, F8 (Flyball, 89M)
Batting: RHB Ramon Laureano 0-0: Ball
1-0: Swinging Strike
1-1: Ball
Wild Pitch!
JT Riddle to second
2-1: Swinging Strike
2-2: Foul Ball, location: 2F
2-2: Ball
3-2: Strikes out looking
Batting: RHB JaCoby Jones 0-0: Foul Ball, location: 2F
0-1: Ball
1-1: Called Strike
1-2: Strikes out swinging
Top of the 9th over - 0 runs, 1 hit, 0 errors, 1 left on base; Las Vegas 3 - El Paso 6
Wednesday, June 20th, 2018 - OOTP Baseball 19.6 Build 53